[Event "Titled Tuesday Blitz May 9 Early 2023"]
[White "Tuleyeva-Aketayeva, Dana"]
[Black "Fernandez Siles, Luis"]
[WhiteFideId "13701932"]
[BlackFideId "2209420"]
[WhiteElo "2030"]
[BlackElo "2195"]
[Result "1-0"]
[Round "11"]
[TimeControl "180+2"]
[Date "2023.05.09"]
[WhiteClock "0:00:07"]
[BlackClock "0:00:00"]

1. d4 Nf6 2. Nf3 g6 3. g3 Bg7 4. Bg2 O-O 5. O-O d6 6. c4 c6 7. Nc3 Qa5 8. Bg5 h6 9. Bxf6 Bxf6 10. Ne4 Bg7 11. Qd2 Qxd2 12. Nexd2 c5 13. dxc5 dxc5 14. Rab1 Nc6 15. Nb3 Bf5 16. Rbd1 Bc2 17. Rd7 Bxb3 18. axb3 b6 19. Nd2 Rac8 20. Bxc6 Rxc6 21. Rxa7 e6 22. Nf3 Bxb2 23. Rd1 Rcc8 24. Rdd7 Rcd8 25. Rdb7 e5 26. Ra2 Bc3 27. Rc2 Bd4 28. e3 e4 29. Nxd4 cxd4 30. exd4 Rxd4 31. Rxb6 Ra8 32. Kg2 h5 33. c5 h4 34. c6 hxg3 35. hxg3 Rdd8 36. c7 Rdc8 37. b4 Kg7 38. b5 Ra7 39. Rbc6 Rb7 40. b6 Kf8 41. Rd2 Ke7 42. Rd4 Ke8 43. Rcd6 Rcxc7 44. bxc7 Rxc7 45. Rxe4+ Kf8 46. Red4 Kg7 47. Rd7 Rc6 48. Ra4 Rf6 49. Raa7 Rf5 50. Rd6 g5 51. Rd3 g4 52. Rad7 Kf8 53. R3d5 Rf6 54. Rg5 Ke8 55. Rd4 Ra6 56. Rdxg4 Ke7 57. Re4+ Kf6 58. Rgg4 Kf5 59. Rgf4+ Kg6 60. Rd4 f6 61. Rg4+ Kf7 62. Rh4 Kg6 63. Rb4 Rd6 64. Ra4 Re6 65. Rhg4+ Kf5 66. Rgf4+ Kg5 67. Rh4 Re2 68. Rag4+ Kf5 69. Rf4+ Kg5 70. Rhg4+ Kh5 71. Rg8 Re4 72. Rxe4 1-0


[Site "https://www.chess.com"]

[Event "Titled Tuesday Blitz May 9 Early 2023"]
[White "Chemin, Justo Reinaldo"]
[Black "djokovic74"]
[WhiteFideId "2101580"]
[WhiteElo "1940"]
[BlackElo "2639"]
[Result "0-1"]
[Round "11"]
[TimeControl "180+2"]
[Date "2023.05.09"]
[WhiteClock "0:00:00"]
[BlackClock "0:02:03"]

1. e4 e5 2. Nf3 Nc6 3. Bb5 a6 4. Ba4 Nf6 5. d3 Be7 6. c3 b5 7. Bb3 d6 8. h3 O-O 9. Nbd2 Bb7 10. Nf1 Na5 11. Bc2 c5 12. Ne3 c4 13. dxc4 bxc4 14. Nd5 Nxd5 15. exd5 f5 16. O-O Qc7 17. Bg5 Rae8 18. Bxe7 Qxe7 19. Re1 Qf7 20. b4 cxb3 21. axb3 Qc7 22. c4 Bc8 23. Qd2 Nb7 24. Rxa6 Nc5 25. Rc6 Qd8 26. b4 Nb7 27. c5 dxc5 28. bxc5 e4 29. Nh2 Re5 30. Bb3 Na5 31. Ba2 Nxc6 32. dxc6+ Kh8 33. Qd6 Qf6 34. c7 h5 35. Rd1 f4 36. Qd8 e3 37. Qxf6 gxf6 38. fxe3 fxe3 39. Rd8 Kg7 40. Nf3 Rxc5 41. Nd4 Rxc7 0-1


[Site "https://www.chess.com"]

[Event "Titled Tuesday Blitz May 9 Early 2023"]
[White "Szente Varga, Fruzsina"]
[Black "Yelisieiev, Yevhenii"]
[WhiteFideId "712264"]
[BlackFideId "14139642"]
[WhiteElo "1994"]
[BlackElo "2403"]
[Result "1-0"]
[Round "11"]
[TimeControl "180+2"]
[Date "2023.05.09"]
[WhiteClock "0:00:02"]
[BlackClock "0:00:01"]

1. e4 d6 2. d4 Nf6 3. Nc3 e5 4. Nge2 c6 5. f3 b5 6. Be3 Bb7 7. Qd2 Nbd7 8. Ng3 g6 9. O-O-O Qc7 10. Kb1 a6 11. h4 h5 12. dxe5 dxe5 13. f4 Ng4 14. f5 Nxe3 15. Qxe3 Bh6 16. Qf3 O-O 17. Nxh5 gxh5 18. Qxh5 Bg7 19. g4 Nf6 20. Qg5 b4 21. h5 Nh7 22. Qe3 bxc3 23. g5 f6 24. Bc4+ Kh8 25. h6 fxg5 26. hxg7+ Qxg7 27. Rdg1 g4 28. Rh6 Rf6 29. Rh4 Raf8 30. Rgxg4 Qe7 31. Qh3 Bc8 32. bxc3 Bxf5 33. exf5 Rxf5 34. Re4 Rf3 35. Qh2 Rxc3 36. Kb2 Qb4+ 37. Bb3 Qd6 38. Kxc3 Rf3+ 39. Kb2 Qd1 40. Rxh7# 1-0


[Site "https://www.chess.com"]

[Event "Titled Tuesday Blitz May 9 Early 2023"]
[White "Harriott, Tyrell"]
[Black "ElenGajger"]
[WhiteFideId "2086484"]
[WhiteElo "2107"]
[BlackElo "2459"]
[Result "1-0"]
[Round "11"]
[TimeControl "180+2"]
[Date "2023.05.09"]
[WhiteClock "0:01:54"]
[BlackClock "0:01:15"]

1. d4 Nf6 2. e3 g6 3. Bd3 Bg7 4. f4 O-O 5. f5 d6 6. fxg6 hxg6 7. Nf3 c5 8. O-O Nc6 9. Qe1 e5 10. Ng5 cxd4 11. Qh4 Nh5 12. g4 Bxg4 13. Qxg4 f5 14. Qg2 e4 15. Ne6 Qf6 16. Bc4 Na5 17. Bd5 Qe5 18. Nf4+ Kh7 19. Qxg6+ 1-0


[Site "https://www.chess.com"]

[Event "Titled Tuesday Blitz May 9 Early 2023"]
[White "Bueno, Alfeu Junior Varela"]
[Black "Zavortink, Matt"]
[WhiteFideId "2108879"]
[BlackFideId "2034263"]
[WhiteElo "2175"]
[BlackElo "2452"]
[Result "0-1"]
[Round "11"]
[TimeControl "180+2"]
[Date "2023.05.09"]
[WhiteClock "0:00:03"]
[BlackClock "0:00:10"]

1. e4 e6 2. d4 d5 3. Nd2 Be7 4. Bd3 c5 5. c3 cxd4 6. cxd4 dxe4 7. Nxe4 Nf6 8. Nf3 Bd7 9. O-O Bc6 10. Qe2 Nxe4 11. Bxe4 Bxe4 12. Qxe4 Nc6 13. Re1 O-O 14. Bf4 Rc8 15. Rad1 Nb4 16. Qxb7 Nd5 17. Bg3 Qa5 18. a3 Rc2 19. Re5 Bf6 20. Re4 Rfc8 21. h3 h6 22. Ne5 R2c7 23. Qb3 Rc1 24. Ree1 Qxe1+ 25. Rxe1 Rxe1+ 26. Kh2 Rcc1 27. Qb8+ Kh7 28. Bf4 Nxf4 29. Nd7 Ng6 30. Qe8 Rh1+ 31. Kg3 Bh4+ 32. Kf3 Rcf1 33. g3 Rxh3 34. Qxf7 Rxg3+ 35. Ke2 Rgg1 36. Kd3 Rxf2 37. Qe8 Rd1+ 38. Kc4 Rc1+ 39. Kb3 Rb1 40. Qxe6 Rbxb2+ 41. Ka4 Rf4 42. Qc4 Rd2 43. Kb5 Rdxd4 44. Qc2 Rxd7 45. a4 Rd5+ 46. Kc6 Rdd4 47. Kb5 Rb4+ 48. Ka5 Rxa4+ 49. Kb5 Rfb4+ 50. Kc5 Rc4+ 51. Qxc4 Rxc4+ 52. Kxc4 Bf6 0-1


[Site "https://www.chess.com"]

[Event "Titled Tuesday Blitz May 9 Early 2023"]
[White "Begunov, Konstantin"]
[Black "Korpics, Zsolt"]
[WhiteFideId "4118510"]
[BlackFideId "705241"]
[WhiteElo "2050"]
[BlackElo "2348"]
[Result "1-0"]
[Round "11"]
[TimeControl "180+2"]
[Date "2023.05.09"]
[WhiteClock "0:01:34"]
[BlackClock "0:02:37"]

1. d4 Nf6 2. c4 e6 3. Nf3 b6 4. g3 Ba6 5. Qa4 Bb7 6. Bg2 c5 7. dxc5 Bxc5 8. Nc3 O-O 9. O-O Be7 10. Rd1 d6 11. Bf4 a6 12. Qc2 Qc7 13. b3 Nbd7 14. Rd2 Rac8 15. Rad1 e5 16. Bg5 b5 17. Bxf6 Nxf6 18. Ng5 Bxg2 19. Kxg2 bxc4 20. Nd5 Nxd5 21. Qxh7# 1-0


[Site "https://www.chess.com"]

[Event "Titled Tuesday Blitz May 9 Early 2023"]
[White "Panda Sambit"]
[Black "Levitan, Caleb Levi"]
[WhiteFideId "25091794"]
[BlackFideId "14332620"]
[WhiteElo "2272"]
[BlackElo "1963"]
[Result "1/2-1/2"]
[Round "11"]
[TimeControl "180+2"]
[Date "2023.05.09"]
[WhiteClock "0:00:11"]
[BlackClock "0:00:02"]

1. e4 e5 2. Nf3 Nc6 3. Bb5 a6 4. Ba4 Nf6 5. O-O Bc5 6. Bxc6 bxc6 7. d3 d6 8. c3 Bb6 9. Nbd2 O-O 10. Nc4 Be6 11. Qe2 Bxc4 12. dxc4 Qe7 13. Bg5 h6 14. Be3 Bxe3 15. Qxe3 Rab8 16. b4 Qe6 17. Nd2 d5 18. c5 dxe4 19. Nxe4 Nd5 20. Qe2 f5 21. Ng3 Nxc3 22. Qxa6 f4 23. Ne2 f3 24. gxf3 Nd5 25. a3 Rxf3 26. Qc4 Rbf8 27. Rae1 h5 28. Ng3 R8f4 29. Qe2 h4 30. Ne4 Qh3 31. Kh1 Qf5 32. Rg1 Rh3 33. Rg5 Qf7 34. Reg1 Rhf3 35. Rxg7+ Qxg7 36. Rxg7+ Kxg7 37. Ng5 Rxf2 38. Ne6+ Kf6 39. Nxf4 Rxf4 40. b5 cxb5 41. Qxb5 Ne3 42. Qc6+ Kf5 43. h3 Rf1+ 44. Kh2 Rf2+ 45. Kg1 Rf1+ 46. Kh2 Rf2+ 47. Kh1 Rf1+ 48. Kh2 1/2-1/2


[Site "https://www.chess.com"]

[Event "Titled Tuesday Blitz May 9 Early 2023"]
[White "Dinu, Dumitru-Daniel"]
[Black "Antonio, Jorge Carlos"]
[WhiteFideId "1208403"]
[BlackFideId "113190"]
[WhiteElo "2240"]
[BlackElo "2247"]
[Result "1-0"]
[Round "11"]
[TimeControl "180+2"]
[Date "2023.05.09"]
[WhiteClock "0:00:19"]
[BlackClock "0:00:00"]

1. e4 c5 2. a3 Nc6 3. b4 cxb4 4. axb4 Nxb4 5. c3 Nc6 6. d4 e6 7. Nf3 d6 8. Bb5 Bd7 9. O-O Nf6 10. d5 Ne5 11. Bxd7+ Nexd7 12. dxe6 fxe6 13. e5 dxe5 14. Ng5 Nc5 15. Qe2 Qd3 16. Qxe5 Bd6 17. Qe3 Qxe3 18. Bxe3 Nfd7 19. Na3 h6 20. Nb5 Bb8 21. Nf3 O-O 22. Rfd1 a6 23. Nd6 Bxd6 24. Rxd6 Rac8 25. Rad1 Rf7 26. h3 a5 27. Nd4 Ne4 28. Rxe6 Ndc5 29. Rb6 Na4 30. Rb3 Naxc3 31. Ra1 a4 32. Rb4 b5 33. Nxb5 Rb8 34. Nxc3 Rxb4 35. Rxa4 Rxa4 36. Nxa4 Nf6 37. Nc5 Rc7 38. g3 Nd5 39. Bd4 1-0


[Site "https://www.chess.com"]

[Event "Titled Tuesday Blitz May 9 Early 2023"]
[White "Kiseleva, Arina"]
[Black "Shubenkova, Veronika"]
[WhiteFideId "4164989"]
[BlackFideId "44124040"]
[WhiteElo "1708"]
[BlackElo "2060"]
[Result "0-1"]
[Round "11"]
[TimeControl "180+2"]
[Date "2023.05.09"]
[WhiteClock "0:00:00"]
[BlackClock "0:00:08"]

1. d4 d5 2. Nf3 Nf6 3. e3 g6 4. Bd3 Bg7 5. h3 O-O 6. O-O Ne4 7. c4 c6 8. Nc3 f5 9. Qb3 e6 10. a4 Kh8 11. Ne5 Nd7 12. Nxd7 Bxd7 13. f3 Ng3 14. Re1 f4 15. Ne2 Nxe2+ 16. Rxe2 fxe3 17. Bxe3 Qh4 18. Bf2 Qf4 19. Qxb7 Rad8 20. Qxa7 Rf7 21. a5 e5 22. Qb6 Rdf8 23. a6 Bxh3 24. a7 Qg5 25. Be3 Qg3 26. a8=Q e4 27. fxe4 Bg4 28. Ree1 Bf3 29. Bf1 Bxe4 30. Qxf8+ Rxf8 31. Re2 Bd3 32. Ree1 Bxf1 33. Rxf1 Qxe3+ 34. Kh1 Rg8 35. Rad1 Qg3 36. Rf3 Qh4+ 37. Kg1 dxc4 38. Qc5 Re8 39. Qxc4 h5 40. g3 Qg4 41. Rdf1 Bxd4+ 42. Kh2 Bg7 43. Rf7 Qxc4 0-1


[Site "https://www.chess.com"]

[Event "Titled Tuesday Blitz May 9 Early 2023"]
[White "Sargissyan, Sargis"]
[Black "Ramirez, Maria Eugenia"]
[WhiteFideId "13303210"]
[BlackFideId "3301680"]
[WhiteElo "2109"]
[BlackElo "1842"]
[Result "0-1"]
[Round "11"]
[TimeControl "180+2"]
[Date "2023.05.09"]
[WhiteClock "0:00:00"]
[BlackClock "0:00:05"]

1. e4 e5 2. Nf3 Nc6 3. Bb5 Nd4 4. Nxd4 exd4 5. Bc4 h5 6. O-O Bc5 7. d3 c6 8. c3 d5 9. exd5 cxd5 10. Bb5+ Kf8 11. cxd4 Bxd4 12. Re1 Be6 13. Nc3 Nf6 14. Qf3 Qd6 15. Bf4 Qb6 16. a4 Bg4 17. Qg3 h4 18. Bd6+ Kg8 19. Qf4 Bxf2+ 20. Qxf2 Qxd6 21. d4 h3 22. g3 Rc8 23. Re5 Be6 24. Rae1 Ng4 25. Qd2 Nxe5 26. Rxe5 a6 27. Bd3 Rh6 28. Qe3 Rf8 29. Ne2 Qb6 30. Nf4 Qxb2 31. Bf1 Bd7 32. Nxd5 Bc6 33. Nf4 Rf6 34. d5 Bxa4 35. Nxh3 Bb5 36. Bxb5 Qxb5 37. Nf4 g5 38. Ne2 Qb1+ 39. Kg2 Rg6 40. Rxg5 Rxg5 41. Qxg5+ Qg6 42. Qe3 Qd6 43. Nf4 Rd8 44. Qf3 Qf6 45. Qg4+ Qg7 46. Qf5 Re8 47. h4 Re5 48. Qd3 Re8 49. d6 Rd8 50. Nd5 Qe5 0-1


[Site "https://www.chess.com"]

[Event "Titled Tuesday Blitz May 9 Early 2023"]
[White "Balla, Tamas-Kristof"]
[Black "Schut, Han"]
[WhiteFideId "1208497"]
[BlackFideId "1005561"]
[WhiteElo "2334"]
[BlackElo "2024"]
[Result "1-0"]
[Round "11"]
[TimeControl "180+2"]
[Date "2023.05.09"]
[WhiteClock "0:01:05"]
[BlackClock "0:00:00"]

1. e4 c5 2. Nf3 d6 3. d4 cxd4 4. Qxd4 Nc6 5. Qe3 g6 6. h3 Bg7 7. Be2 Nf6 8. O-O d5 9. e5 Ne4 10. Rd1 O-O 11. c4 e6 12. Nc3 Nxc3 13. Qxc3 d4 14. Nxd4 Bxe5 15. Be3 Qf6 16. Qd2 Rd8 17. Bg5 Qg7 18. Bxd8 Bxd4 19. Bh4 Bxb2 20. Rab1 Bc3 21. Qd6 h6 22. Qc7 Be5 23. Rd8+ Kh7 24. Rxc8 Bxc7 25. Rxa8 Bb6 26. Bf3 Nd4 27. Bxb7 Ne2+ 28. Kh1 g5 29. Bg3 Nxg3+ 30. fxg3 Qd4 31. Rf1 f5 32. Bf3 Qxc4 33. Rd1 Qc7 34. Re8 Kg7 35. Rxe6 Kf7 36. Rxh6 Kg7 37. Rhd6 Bc5 38. Rd7+ 1-0


[Site "https://www.chess.com"]

[Event "Titled Tuesday Blitz May 9 Early 2023"]
[White "Vidruska, Renate"]
[Black "Feinig, Mario"]
[WhiteFideId "11601841"]
[BlackFideId "1618113"]
[WhiteElo "1976"]
[BlackElo "2163"]
[Result "0-1"]
[Round "11"]
[TimeControl "180+2"]
[Date "2023.05.09"]
[WhiteClock "0:00:19"]
[BlackClock "0:00:06"]

1. e4 c5 2. Nf3 Nc6 3. d4 cxd4 4. Nxd4 g6 5. Nc3 Bg7 6. Be3 Nf6 7. f3 O-O 8. Qd2 d5 9. Nxc6 bxc6 10. O-O-O Qa5 11. Kb1 Be6 12. Nxd5 Qa4 13. Nxe7+ Kh8 14. b3 Qa3 15. Nxg6+ hxg6 16. Bh6 a5 17. Bxg7+ Kxg7 18. Qc1 Qb4 19. Qd2 Qa3 20. Qc1 Qc5 21. g4 a4 22. g5 Nd7 23. Qb2+ Kg8 24. h4 axb3 25. cxb3 Rfb8 26. h5 Rxa2 27. Kxa2 Rxb3 28. Rxd7 Rxb2+ 29. Kxb2 Qb4+ 30. Kc1 Bxd7 31. Bd3 Qc3+ 32. Bc2 Be6 33. hxg6 fxg6 34. Rd1 Bb3 35. Rd2 Qa1+ 36. Bb1 Qc3+ 37. Bc2 Bxc2 38. Rxc2 Qxf3 39. Rxc6 Qe3+ 40. Kb2 Qxe4 41. Rc8+ Kf7 42. Rc7+ Ke6 43. Rc3 Qd4 44. Kc2 Kf5 45. Rf3+ Kxg5 46. Rd3 Qe4 47. Kd2 Kf4 48. Rd8 g5 49. Rf8+ Kg3 50. Rf1 Qf4+ 51. Ke1 Qe3+ 52. Kd1 g4 53. Re1 Qxe1+ 54. Kxe1 Kg2 55. Ke2 g3 56. Ke3 Kh2 57. Kf4 g2 58. Ke4 g1=Q 59. Kd3 Qg4 60. Kc3 Kg3 61. Kd3 Qf4 62. Kc3 Qe4 63. Kd2 Qf3 0-1


[Site "https://www.chess.com"]

[Event "Titled Tuesday Blitz May 9 Early 2023"]
[White "Quirke, Jeffrey"]
[Black "Tarasova, Viktoriya"]
[WhiteFideId "2013029"]
[BlackFideId "4175840"]
[WhiteElo "2221"]
[BlackElo "2182"]
[Result "1-0"]
[Round "11"]
[TimeControl "180+2"]
[Date "2023.05.09"]
[WhiteClock "0:00:02"]
[BlackClock "0:00:09"]

1. e4 e5 2. Nf3 Nc6 3. Bb5 Nf6 4. d3 Bc5 5. h3 Nd4 6. Nxd4 Bxd4 7. c3 Bb6 8. O-O c6 9. Ba4 O-O 10. Be3 Bxe3 11. fxe3 d5 12. exd5 cxd5 13. Nd2 Qd6 14. d4 e4 15. c4 b6 16. cxd5 Nxd5 17. Nxe4 Qh6 18. Qf3 Bb7 19. Rae1 Rab8 20. Qg3 Kh8 21. Nd6 Nf6 22. Nxb7 Rxb7 23. e4 Re7 24. e5 Nd5 25. Bb3 Rd8 26. Qf3 Qe6 27. Re4 Kg8 28. Rg4 b5 29. Qg3 g6 30. Qf3 a5 31. Rf4 a4 32. Rf6 Qd7 33. Rd6 axb3 34. Rxd7 Rexd7 35. e6 fxe6 36. axb3 Nb4 37. Qe4 Rd6 38. Rf6 Rxd4 39. Qxe6+ Kh8 40. Rf7 Rd1+ 41. Kh2 R1d6 42. Qe5+ Kg8 43. Qg7# 1-0


[Site "https://www.chess.com"]

[Event "Titled Tuesday Blitz May 9 Early 2023"]
[White "Omariev, Maksim"]
[Black "petr577"]
[WhiteFideId "4193423"]
[WhiteElo "2381"]
[BlackElo "2219"]
[Result "1-0"]
[Round "11"]
[TimeControl "180+2"]
[Date "2023.05.09"]
[WhiteClock "0:00:07"]
[BlackClock "0:00:00"]

1. e4 e6 2. d4 d5 3. Nc3 Bb4 4. exd5 exd5 5. Bd3 Nc6 6. a3 Bxc3+ 7. bxc3 Nge7 8. Qf3 Be6 9. Ne2 Qd7 10. Ng3 O-O-O 11. h3 h5 12. O-O Rdg8 13. Nxh5 f6 14. Rb1 b6 15. a4 Qe8 16. Nf4 Bf7 17. Re1 Qd7 18. Bb5 Qd6 19. Rb3 g5 20. Nd3 g4 21. hxg4 Qh2+ 22. Kf1 Re8 23. Bf4 Qh7 24. Ke2 Bg6 25. Kd2 Be4 26. Qg3 Kb7 27. Bxc7 Rc8 28. Bd6 Na5 29. Rb2 Nc4+ 30. Bxc4 Rxc4 31. Nc5+ Kc6 32. Nd3 Rc8 33. f3 Kd7 34. fxe4 dxe4 35. Rb3 Rxc3 36. Rxc3 Rxc3 37. Kxc3 Nd5+ 38. Kb2 exd3 39. c4 Qh6 40. g5 Qh5 41. cxd5 d2 42. Rf1 d1=Q 43. Rxd1 Qxd1 44. gxf6 Qxd4+ 45. Kc2 Qc4+ 46. Kb1 Qf1+ 47. Ka2 Qc4+ 48. Ka3 1-0


[Site "https://www.chess.com"]

[Event "Titled Tuesday Blitz May 9 Early 2023"]
[White "Torres Dominguez, David"]
[Black "De Souza, Cristiano Gomes"]
[WhiteFideId "2220857"]
[BlackFideId "2151758"]
[WhiteElo "1999"]
[BlackElo "2068"]
[Result "0-1"]
[Round "11"]
[TimeControl "180+2"]
[Date "2023.05.09"]
[WhiteClock "0:00:00"]
[BlackClock "0:00:57"]

1. e4 c5 2. Nc3 d6 3. f4 a6 4. Nf3 Bg4 5. Bc4 Bxf3 6. Qxf3 Nc6 7. a4 Nd4 8. Qd1 g6 9. O-O Bg7 10. d3 e6 11. f5 gxf5 12. exf5 Nxf5 13. Qh5 Nf6 14. Qh3 d5 15. Bb3 Nd4 16. Bg5 Nxb3 17. cxb3 c4 18. d4 cxb3 19. Qh4 Rc8 20. Bxf6 Bxf6 21. Rxf6 Qe7 22. Qf4 Rc4 23. Rf1 Rf8 24. Qb8+ Qd8 25. Qxb7 Qd7 26. Qxa6 Rxd4 27. Nb5 Rg4 28. Nd6+ Ke7 29. Nb5 Rg7 30. Qb6 Rfg8 31. Qc5+ Kd8 32. Qb6+ Ke7 33. g3 d4 34. Qc5+ Kd8 35. Qb6+ Ke7 36. Nxd4 Rd8 37. Qc5+ Ke8 38. Nc6 Rc8 39. Rxe6+ Qxe6 0-1


[Site "https://www.chess.com"]

[Event "Titled Tuesday Blitz May 9 Early 2023"]
[White "Womacka, Mathias"]
[Black "Jaivardhan Raj"]
[WhiteFideId "4611390"]
[BlackFideId "25744437"]
[WhiteElo "2377"]
[BlackElo "1772"]
[Result "1-0"]
[Round "11"]
[TimeControl "180+2"]
[Date "2023.05.09"]
[WhiteClock "0:00:25"]
[BlackClock "0:00:05"]

1. e4 c5 2. Nf3 e6 3. d4 cxd4 4. Nxd4 Nc6 5. Nc3 a6 6. Be3 Qc7 7. Bd3 Nf6 8. O-O Bb4 9. f4 Bc5 10. Nce2 Qb6 11. c3 Qxb2 12. Kh1 Ng4 13. Bg1 Nxd4 14. cxd4 Be7 15. f5 exf5 16. Ng3 Nh6 17. exf5 O-O 18. f6 Bxf6 19. Rxf6 gxf6 20. Be3 Kg7 21. Nh5+ Kh8 22. Bxh6 Rg8 23. Be4 f5 24. Bf3 b5 25. Bxa8 d5 26. Bxd5 Be6 27. Bf3 Bc4 28. Bf4 Qf2 29. Be5+ Rg7 30. Bxg7+ Kg8 31. Be5 Be2 32. Qxe2 Qh4 33. Rc1 Qg5 34. Rc8+ Qd8 35. Rxd8# 1-0


[Site "https://www.chess.com"]

[Event "Titled Tuesday Blitz May 9 Early 2023"]
[White "Carrasco Miranda, Andres"]
[Black "Mrudul Dehankar"]
[WhiteFideId "3405990"]
[BlackFideId "25096990"]
[WhiteElo "2183"]
[BlackElo "2139"]
[Result "0-1"]
[Round "11"]
[TimeControl "180+2"]
[Date "2023.05.09"]
[WhiteClock "0:00:00"]
[BlackClock "0:00:03"]

1. d4 Nf6 2. c4 e6 3. g3 Bb4+ 4. Nd2 c5 5. Nf3 Nc6 6. a3 Bxd2+ 7. Qxd2 Ne4 8. Qc2 Qa5+ 9. b4 Nxb4 10. axb4 Qxa1 11. dxc5 a5 12. b5 Nxc5 13. Bg2 Nb3 14. O-O Nxc1 15. Rxc1 Qf6 16. c5 O-O 17. b6 d5 18. cxd6 Bd7 19. Qa2 Rfc8 20. Rc7 Rxc7 21. dxc7 Qc3 22. Nd2 Qc1+ 23. Nf1 Ra6 24. Bxb7 Rxb6 25. Qxa5 Qxc7 26. Qa8+ Bc8 27. Qxc8+ Qxc8 28. Bxc8 Kf8 29. Bd7 Ke7 30. Ba4 Rb1 31. Bc2 Rb2 32. Bd3 f5 33. Kg2 g6 34. h4 e5 35. e4 Rb3 0-1


[Site "https://www.chess.com"]

[Event "Titled Tuesday Blitz May 9 Early 2023"]
[White "Rian, Kapriaga"]
[Black "Qiao, Cindy"]
[WhiteFideId "7103263"]
[BlackFideId "2620243"]
[WhiteElo "2312"]
[BlackElo "1777"]
[Result "1-0"]
[Round "11"]
[TimeControl "180+2"]
[Date "2023.05.09"]
[WhiteClock "0:00:03"]
[BlackClock "0:00:17"]

1. d4 d5 2. Nf3 Nf6 3. Bf4 e6 4. e3 Bd6 5. Bg3 b6 6. Nbd2 Bb7 7. Bd3 O-O 8. O-O c5 9. c3 Nc6 10. Qe2 Qc7 11. dxc5 bxc5 12. e4 Bxg3 13. hxg3 Rfe8 14. e5 Nd7 15. Rfe1 Rab8 16. g4 Ne7 17. g3 Ng6 18. b4 d4 19. cxd4 cxb4 20. Ne4 Bxe4 21. Bxe4 Nb6 22. Kg2 Red8 23. Rh1 Nd5 24. Rac1 Qe7 25. Qd2 Nc3 26. Bxg6 fxg6 27. Rh2 h6 28. Rch1 Rf8 29. Nh4 Qf7 30. f4 Qb7+ 31. Nf3 Qe4 32. g5 h5 33. Kf2 Rbc8 34. Re1 Qb7 35. Qd3 Qf7 36. Nh4 Kh7 37. Nxg6 Qxg6 38. Rxh5+ Kg8 39. Qxg6 Ne4+ 40. Rxe4 Rc2+ 41. Re2 Rfc8 42. Rxc2 Rxc2+ 43. Qxc2 b3 44. Qc7 bxa2 45. g6 1-0


[Site "https://www.chess.com"]

[Event "Titled Tuesday Blitz May 9 Early 2023"]
[White "I_KID_you_not"]
[Black "micke12a"]
[WhiteElo "2287"]
[BlackElo "2368"]
[Result "0-1"]
[Round "11"]
[TimeControl "180+2"]
[Date "2023.05.09"]
[WhiteClock "0:01:59"]
[BlackClock "0:01:37"]

1. e4 c5 2. Nc3 a6 3. Nge2 b5 4. g3 Bb7 5. Bg2 e6 6. d4 cxd4 7. Nxd4 Nf6 8. O-O b4 9. Na4 Bxe4 10. Bxe4 Nxe4 11. Re1 Nc5 12. c3 Qa5 13. Nxc5 Bxc5 14. Nb3 Qb6 15. Nxc5 Qxc5 16. Be3 Qb5 17. Qg4 Kf8 18. cxb4 Nc6 19. Bc5+ Kg8 20. a4 Qb7 21. b5 Na5 22. b4 Nb3 23. Rab1 Nd2 24. Rbd1 Nf3+ 25. Kf1 Nxh2+ 0-1


[Site "https://www.chess.com"]

[Event "Titled Tuesday Blitz May 9 Early 2023"]
[White "Jiganchine, Roman"]
[Black "Marcziter, Dmitrii"]
[WhiteFideId "2603667"]
[BlackFideId "13900765"]
[WhiteElo "2269"]
[BlackElo "2162"]
[Result "0-1"]
[Round "11"]
[TimeControl "180+2"]
[Date "2023.05.09"]
[WhiteClock "0:00:00"]
[BlackClock "0:00:22"]

1. e4 c5 2. Nf3 a6 3. c3 d5 4. exd5 Qxd5 5. d4 Nf6 6. Bd3 Bg4 7. Nbd2 e6 8. O-O cxd4 9. cxd4 Nc6 10. h3 Bh5 11. g4 Bg6 12. Bc4 Qd6 13. Qb3 b5 14. d5 exd5 15. Re1+ Be7 16. Bf1 O-O 17. Bg2 Ne4 18. Nf1 Na5 19. Qd1 Nc4 20. b3 Bf6 21. bxc4 Bxa1 22. cxd5 Bc3 23. Re3 Rad8 24. Ng5 Nxg5 25. Rxc3 Be4 26. Bxg5 Bxg2 27. Kxg2 Qxd5+ 28. Qxd5 Rxd5 29. Be7 Re8 30. Bb4 h5 31. a3 hxg4 32. hxg4 Re4 33. Ne3 Rd8 34. Kf3 Red4 35. Bc5 Rd2 36. Bb4 Ra2 37. Rc7 a5 38. Bxa5 Rxa3 39. Bb4 Rb3 40. Be7 Rb8 41. Bd6 Rd3 42. Be5 b4 43. Ke4 Rd2 44. Rc1 Re8 45. Nc4 Rxf2 46. Nd6 Re2+ 47. Kd4 R8xe5 0-1


[Site "https://www.chess.com"]

[Event "Titled Tuesday Blitz May 9 Early 2023"]
[White "Zaichenko, Daria"]
[Black "Matveeva, Olga"]
[WhiteFideId "4197453"]
[BlackFideId "24107018"]
[WhiteElo "2039"]
[BlackElo "2009"]
[Result "0-1"]
[Round "11"]
[TimeControl "180+2"]
[Date "2023.05.09"]
[WhiteClock "0:00:00"]
[BlackClock "0:00:30"]

1. e4 e6 2. d4 d5 3. Nc3 Nf6 4. e5 Nfd7 5. f4 c5 6. Be3 Nc6 7. Nf3 cxd4 8. Nxd4 Bc5 9. Bb5 Qc7 10. O-O O-O 11. Kh1 Nxd4 12. Bxd4 a6 13. Be2 b5 14. a3 b4 15. axb4 Bxb4 16. Qd3 Bb7 17. Qh3 Rfc8 18. f5 Nxe5 19. fxe6 fxe6 20. Qxe6+ Nf7 21. Bh5 Rf8 22. Be5 Qe7 23. Bxf7+ Rxf7 24. Qxe7 Rxe7 25. Bd4 Rae8 26. h3 Bd6 27. Rf5 Re1+ 28. Rf1 Rxa1 29. Rxa1 Bg3 30. Rf1 Bc6 31. Nd1 Bb5 32. Rg1 Re2 33. Nc3 Rxc2 34. Nxb5 axb5 35. Ra1 h6 36. Kg1 Rd2 0-1


[Site "https://www.chess.com"]

[Event "Titled Tuesday Blitz May 9 Early 2023"]
[White "Rodriguez Santiago, Jaime"]
[Black "Michelle Catherina, P"]
[WhiteFideId "3100898"]
[BlackFideId "5005736"]
[WhiteElo "2025"]
[BlackElo "2049"]
[Result "0-1"]
[Round "11"]
[TimeControl "180+2"]
[Date "2023.05.09"]
[WhiteClock "0:00:15"]
[BlackClock "0:00:08"]

1. c4 Nf6 2. Nc3 e6 3. e4 d5 4. e5 d4 5. exf6 dxc3 6. bxc3 Qxf6 7. d4 e5 8. Nf3 exd4 9. Bg5 Qe6+ 10. Be2 Be7 11. Nxd4 Qe5 12. f4 Qc5 13. Bxe7 Qxe7 14. O-O O-O 15. Bd3 c5 16. Re1 Qf6 17. Nb5 Na6 18. Re5 Qxf4 19. Re7 Bg4 20. Qc2 Rad8 21. Rf1 Qh6 22. h3 Be6 23. Rf3 Rd7 24. Rxe6 Qxe6 25. Bxh7+ Kh8 26. Bf5 Qe1+ 27. Kh2 Rd2 28. Qe4 Qxe4 29. Bxe4 b6 30. a4 Ra2 31. Nd6 Kg8 32. Bd5 g6 33. Ne4 Kg7 34. Ng5 Nc7 35. Bxf7 Rxa4 36. h4 Rh8 37. Kg3 Ra2 38. Bd5 Rf8 39. Re3 Nxd5 40. cxd5 Rf5 41. Re7+ Kf8 42. d6 Rd2 43. Ne6+ Kg8 44. Rd7 Rfd5 45. Rg7+ Kh8 46. Rxg6 Rxd6 47. h5 R2d3+ 48. Kf4 Rxc3 49. Ke5 Rcd3 50. Kf6 Re3 51. Ke7 Rdxe6+ 52. Rxe6 Rxe6+ 53. Kxe6 c4 54. g4 c3 55. g5 c2 56. g6 c1=Q 57. Kf7 Qf4+ 58. Ke8 Kg7 59. h6+ Qxh6 60. Kd7 Qxg6 61. Kc7 b5 62. Kb7 b4 63. Ka8 b3 64. Kxa7 b2 65. Ka8 b1=Q 66. Ka7 Qgc2 67. Ka8 Qca2# 0-1


[Site "https://www.chess.com"]

[Event "Titled Tuesday Blitz May 9 Early 2023"]
[White "Clawitter, Craig"]
[Black "Hinds, Nathan"]
[WhiteFideId "2023105"]
[BlackFideId "7400730"]
[WhiteElo "2243"]
[BlackElo "2001"]
[Result "1-0"]
[Round "11"]
[TimeControl "180+2"]
[Date "2023.05.09"]
[WhiteClock "0:00:15"]
[BlackClock "0:00:10"]

1. e4 c6 2. d4 d5 3. e5 c5 4. Nf3 Bg4 5. dxc5 Bxf3 6. Qxf3 Nc6 7. Bf4 e6 8. Bd3 Bxc5 9. O-O Nge7 10. Nd2 Bd4 11. Qg3 Ng6 12. Bxg6 hxg6 13. c3 Bc5 14. Rad1 Qh4 15. Nb3 Qxg3 16. hxg3 Bb6 17. Nd4 Bxd4 18. cxd4 Rc8 19. Rc1 Kd7 20. Be3 Na5 21. Rxc8 Rxc8 22. Rc1 Nc4 23. b3 Na3 24. Kf1 Nb5 25. Rxc8 Kxc8 26. a4 Nc7 27. Ke2 Kd7 28. Kd3 Kc6 29. Bd2 b5 30. Bb4 bxa4 31. bxa4 f6 32. Bf8 Ne8 33. Bxg7 f5 34. Bh6 Nc7 35. Bd2 Na8 36. Ba5 Kb7 37. Kc3 Ka6 38. Kb4 Kb7 39. Kc5 Ka6 40. Bd8 Nb6 41. Bxb6 axb6+ 42. Kd6 Ka5 43. Kxe6 Kxa4 44. Kxd5 b5 45. e6 b4 46. e7 b3 47. e8=Q+ Ka3 48. Qxg6 b2 49. Qa6+ Kb3 50. Qb5+ Kc3 51. Ke5 b1=Q 52. Qxb1 Kd2 53. Qxf5 Ke2 54. d5 Kf1 55. d6 Kxg2 56. d7 Kh2 57. g4 Kg2 58. g5 Kf1 59. g6 Kg2 60. f4 Kf3 61. g7 1-0


[Site "https://www.chess.com"]